[Event "Team 45 45 League T39"]
[Site "Internet Chess Club"]
[Date "2008.11.15"]
[Round "4"]
[White "allanchs"]
[Black "Thersites"]
[Result "0-1"]
[WhiteElo "1541"]
[BlackElo "1734"]
[Opening "Pirc: classical (two knights) system"]
[ECO "B08"]
[Time "11:02:17"]
[TimeControl "2700+45"]

1. e4 d6 2. d4 Nf6 3. Nc3 g6 4. Nf3 Bg7 5. Bc4 O-O 6. Bb3 Nbd7 7. O-O c5 8. e5
dxe5 9. dxe5 Ng4 10. e6 Nde5 11. exf7+ Nxf7 12. Ng5 Qc7 13. Nf3 c4 14. Nd5 Qc5
15. Bxc4 Qxc4 16. Nxe7+ Kh8 17. Nxc8 Raxc8 18. c3 Nfe5 19. Nxe5 Bxe5 20. h3 Nxf2
21. Rxf2 Qc5 22. Qe2 Bg3 23. Be3 Bxf2+ 24. Bxf2 Qf5 25. Re1 Rce8 26. Bd4+ Kg8
27. Qc4+ Qf7 28. Qxf7+ Kxf7 29. Rf1+ Ke6 30. Bxa7 Rxf1+ 31. Kxf1 Ra8 32. Bd4
Rxa2 33. b4 Kd5 34. Bg7 Kc4 35. g4 Rh2 {White resigns} 0-1

[Event "Team 45 45 League T39"]
[Site "Internet Chess Club"]
[Date "2008.11.17"]
[Round "4"]
[White "Ghashgork"]
[Black "Rhel"]
[Result "1-0"]
[WhiteElo "1713"]
[BlackElo "1530"]
[Opening "Bird's opening"]
[ECO "A02"]
[Time "14:30:43"]
[TimeControl "2700+45"]

1. f4 c5 2. Nf3 Nf6 3. g3 b6 4. Bg2 Bb7 5. d3 d5 6. O-O e6 7. h3 Nc6 8. Nbd2 Be7
9. Kh2 O-O 10. e4 dxe4 11. dxe4 Nd4 12. e5 Nxf3+ 13. Bxf3 Bxf3 14. Qxf3 Nd5 15.
c4 Nb4 16. b3 Qd4 17. Rb1 Nxa2 18. Rd1 Qd7 19. Ne4 Qc7 20. Rb2 Nb4 21. Rbd2 Rad8
22. Nd6 Qc6 23. Qc3 Bxd6 24. exd6 Qd7 25. Bb2 f6 26. Re1 Nc6 27. Qe3 Rde8 28. h4
e5 29. Qf3 Nd4 30. Qd5+ Qe6 31. Bxd4 Qxd5 32. cxd5 exd4 33. Rde2 Rxe2+ 34. Rxe2
Kf7 35. Re7+ Kg6 36. g4 d3 37. h5+ Kh6 38. Re3 Rd8 39. Rxd3 Rxd6 40. Kg3 g6 41.
hxg6 hxg6 42. Rd1 Kg7 43. f5 g5 44. Kf3 Rd8 45. d6 Kf8 46. Ke4 Rc8 47. Kd5 a5
48. d7 Rd8 49. Kc6 Ke7 50. Re1+ Kf7 51. Kc7 {Black resigns} 1-0

[Event "Team 45 45 League T39"]
[Site "Internet Chess Club"]
[Date "2008.11.23"]
[Round "4"]
[White "ir75"]
[Black "TerryMalloy"]
[Result "1/2-1/2"]
[WhiteElo "1875"]
[BlackElo "1925"]
[Opening "King's Indian: London system"]
[ECO "A48"]
[Time "11:11:20"]
[TimeControl "2700+45"]

1. d4 Nf6 2. Nf3 g6 3. Bf4 Bg7 4. e3 O-O 5. Be2 d6 6. h3 Nfd7 7. O-O e5 8. Bh2
Nc6 9. c4 exd4 10. exd4 Qf6 11. Nc3 Nxd4 12. Nxd4 Qxd4 13. Nd5 Qxd1 14. Raxd1
Be5 15. Nxc7 Rb8 16. Nb5 Bxh2+ 17. Kxh2 Ne5 18. f4 Nc6 19. Rxd6 Be6 20. Rfd1
Rbc8 21. Nd4 Nxd4 22. R6xd4 Rc7 23. b3 Rfc8 24. Rd8+ Kg7 25. Rxc8 Rxc8 26. Rd2
f6 27. Bf3 b6 28. g4 h6 29. h4 Kf7 30. Kg3 Rc5 31. Bd5 a5 32. a4 Bxd5 33. Rxd5
Ke7 34. Rxc5 bxc5 35. f5 g5 36. h5 Kd7 37. Kf3 Kc6 38. Ke4 Kd6 39. Kd3 Ke5 40.
Ke3 Kd6 41. Ke4 Kc6 42. Kd3 Kd6 43. Ke4 {Game drawn by mutual agreement} 1/2-1/2

[Event "Team 45 45 League T39"]
[Site "Internet Chess Club"]
[Date "2008.11.16"]
[Round "4"]
[White "GolferBob"]
[Black "PersonX"]
[Result "1/2-1/2"]
[WhiteElo "1711"]
[BlackElo "1605"]
[Opening "Dutch"]
[ECO "A80"]
[Time "22:19:25"]
[TimeControl "2700+45"]

1. d4 f5 2. Bf4 Nf6 3. Nf3 g6 4. e3 Bg7 5. Bc4 Nc6 6. h3 d5 7. Bb5 Bd7 8. Nbd2
O-O 9. c3 a6 10. Ba4 Ne4 11. O-O Kh8 12. Bc2 Re8 13. a3 a5 14. c4 Nxd2 15. Nxd2
dxc4 16. Nxc4 Be6 17. Nd2 Bf7 18. Rc1 e5 19. dxe5 Nxe5 20. b3 Qd7 21. Nf3 Qxd1
{Game drawn by mutual agreement} 1/2-1/2

[Event "Team 45 45 League T39"]
[Site "Internet Chess Club"]
[Date "2008.11.15"]
[Round "4"]
[White "Jozin"]
[Black "foodfight"]
[Result "0-1"]
[WhiteElo "1538"]
[BlackElo "1540"]
[Opening "English opening"]
[ECO "A13"]
[Time "10:30:07"]
[TimeControl "2700+45"]

1. c4 e6 2. Nc3 b6 3. Nf3 Bb7 4. e3 Nf6 5. Be2 Bb4 6. O-O O-O 7. Qc2 d6 8. b3
Bxc3 9. Qxc3 Ne4 10. Qc2 Nd7 11. Bb2 Rc8 12. d4 Ng5 13. Nd2 Nh3+ 14. Kh1 Qg5 15.
Bf3 Bxf3 16. Nxf3 Qh5 17. Qd1 Ng5 18. Nxg5 Qxg5 19. a4 a5 20. Rc1 f5 21. f4 Qh6
22. g4 Qg6 23. Rg1 d5 24. gxf5 Qxf5 25. Qf3 Nf6 26. Rg5 Qe4 27. Qg2 Qxg2+ 28.
Rxg2 Ne4 29. cxd5 exd5 30. Rcg1 Rf7 31. Rc1 Re8 32. Rc6 Ree7 33. Rgc2 h6 34. Ba3
Rd7 35. b4 axb4 36. Bxb4 Nf6 37. a5 bxa5 38. Bxa5 Rde7 39. Bd2 Ng4 40. R6c3 Kh7
41. Be1 Nxe3 42. Rc1 Rxf4 43. Bd2 Rfe4 44. Re1 Nc4 45. Rxe4 Rxe4 46. Rd3 Nxd2
47. Rxd2 Kg6 48. Rg2+ Kf6 49. Rd2 Ke6 50. Kg2 g5 51. Kg3 Kd6 52. Rd1 c5 53.
dxc5+ Kxc5 54. h4 Rxh4 55. Rc1+ Kd6 56. Ra1 Ke5 57. Ra5 Ke4 58. Ra4+ d4 59. Rb4
Ke3 60. Rb8 d3 61. Rb3 h5 62. Rb8 Rg4+ 63. Kh3 d2 64. Rb3+ Ke2 65. Rb2 Rd4
{White resigns} 0-1